 Dungeon Crawl Stone Soup version 0.28-a0-863-g8cecda6153 (webtiles) character file.

Game seed: 1401249043836645764

103 ders the Digger (level 4, -2/24 HPs)
             Began as a Gargoyle Earth Elementalist on Nov 17, 2021.
             Slain by a river rat (6 damage)
             ... in a sewer.
             The game lasted 00:04:06 (2391 turns).

ders the Digger (Gargoyle Earth Elementalist)       Turns: 2391, Time: 00:04:07

Health: -2/24      AC:  5    Str: 12    XL:     4   Next: 79%
Magic:  0/8        EV: 11    Int: 16    God:
Gold:   56         SH:  0    Dex: 10    Spells: 5/9 levels left

rFire   . . .      SeeInvis .   g - +0 executioner's axe
rCold   . . .      Faith    .   (shield currently unavailable)
rNeg    + . .      Spirit   .   b - +0 robe
rPois   ∞          Reflect  .   (no helmet)
rElec   +          Harm     .   (no cloak)
rCorr   .          Rampage  .   (no gloves)
Will    .....                   (no boots)
Stlth   ++........              (no amulet)
HPRegen 0.08/turn               (no ring)
MPRegen 0.11/turn               (no ring)

@: no status effects
A: sickness immunity, AC +3, negative energy resistance 1, electricity
resistance, torment resistance 1, petrification resistance
a: no special abilities


You were in a sewer.
You visited 1 branch of the dungeon, and saw 3 of its levels.
You also visited: Sewer.

You collected 56 gold pieces.

Inventory:

Hand Weapons
 g - a +0 executioner's axe (weapon)
Missiles
 c - 34 stones
Armour
 b - a +0 robe (worn)
Magical Staves
 a - a staff of earth
Scrolls
 d - a scroll of noise {unknown}
 f - a scroll of enchant weapon {unknown}
Potions
 e - a potion of might {unknown}


   Skills:
 - Level 1.5 Dodging
 - Level 2.1 Stealth
 + Level 3.0 Spellcasting
 + Level 2.5 Conjurations
 - Level 0.7 Transmutations
 + Level 4.7 Earth Magic


You had 5 spell levels left.
You knew the following spells:

 Your Spells              Type           Power      Damage    Failure   Level
a - Sandblast             Erth           34%        2d9       2%          1
b - Stone Arrow           Conj/Erth      28%        3d8       13%         3

Your spell library contained the following spells:

 Spells                   Type           Power      Damage    Failure   Level
 Passwall                 Tmut/Erth      9%         N/A       9%          2
 Petrify                  Tmut/Erth      11%        N/A       52%         4


Dungeon Overview and Level Annotations

Branches:
Dungeon (3/15)              Sewer (1/1)

Altars:
Qazlal


Innate Abilities, Weirdness & Mutations

You are immune to sickness and miasma.
Your stone body is resilient. (AC +3)
You are immune to poison.
You resist negative energy. (rN+)
You are resistant to electric shocks. (rElec)
You are resistant to unholy torment.
You are immune to petrification.


Message History

Press: ? - help, Shift-Dir - straight line, f/p - river rat
Aim: a river rat (heavily wounded, 77% to hit)
The blast of sand hits the river rat but does no damage.
The river rat is heavily wounded.
The river rat bites you.
Unknown command.
Casting: Sandblast (safe; 2% risk of failure)
Confirm with . or Enter, or press ? or * to list all spells.
Aiming: Sandblast (safe; 2% risk of failure)
Press: ? - help, Shift-Dir - straight line, f/p - river rat
Aim: a river rat (heavily wounded, 77% to hit)
The blast of sand hits the river rat but does no damage.
The river rat is heavily wounded.
The river rat bites you.
Unknown command.
You barely miss the river rat.
The river rat is heavily wounded.
The river rat bites you.
The river rat bites you but does no damage.
You closely miss the river rat.
The river rat is heavily wounded.
The river rat misses you. The river rat barely misses you.
You barely miss the river rat.
The river rat is heavily wounded.
The river rat bites you.
* * * LOW HITPOINT WARNING * * *
The river rat barely misses you.
Casting: Sandblast (safe; 2% risk of failure)
Confirm with . or Enter, or press ? or * to list all spells.
Aiming: Sandblast (safe; 2% risk of failure)
Press: ? - help, Shift-Dir - straight line, f/p - river rat
Aim: a river rat (heavily wounded, 77% to hit)
The blast of sand hits the river rat.
The river rat is severely wounded.
The river rat closely misses you.
Unknown command.
You hit the river rat.
The river rat is almost dead.
The river rat bites you.
You die...

#≈#
#.#
#.#
#.#
#.#
#†#
#.#
#@#
#r#
#r#
#.#
#.#
#.#
#.#
###


You could see a river rat and a rat.

Vanquished Creatures
  Jessica (D:2)
  4 adders
  A worm (D:2)
  5 bats
  2 endoplasms
  9 giant cockroaches
  2 goblins (D:2)
  A hobgoblin (D:1)
  3 kobolds
  2 quokkas
  A ball python (D:1)
  8 rats
39 creatures vanquished.

Notes
Turn   | Place    | Note
-------+----------+-------------------------------------------
     0 | D:1      | ders the Gargoyle Earth Elementalist began the quest for
                  | the Orb.
     0 | D:1      | Reached XP level 1. HP: 10/10 MP: 3/3
    78 | D:1      | Found a faded altar of an unknown god.
   128 | D:1      | Reached XP level 2. HP: 15/15 MP: 0/5
   277 | D:1      | Reached skill level 1 in Conjurations
   532 | D:1      | Reached skill level 4 in Earth Magic
  1222 | D:2      | Reached XP level 3. HP: 19/19 MP: 3/6
  1226 | D:2      | Learned a level 3 spell: Stone Arrow
  1552 | D:2      | Reached XP level 4. HP: 23/24 MP: 4/8
  1635 | D:2      | Noticed Jessica
  1646 | D:2      | Killed Jessica
  1800 | D:2      | Found a stormy altar of Qazlal.
  2362 | D:3      | Found a glowing drain.
  2378 | Sewer    | Entered a sewer
  2391 | Sewer    | Slain by a river rat

Illustrated notes

Levels and vault maps discovered:
D:1:      dpeg_arrival_rhombus, layout_basic, hellmonk_ecumenical_altar_blasted,
          minivault_23
D:2:      layout_basic, basic_altar, minmay_worlds_worst_comb, uniq_jessica
D:3:      layout_basic, portal_sewer_entry_d, minmay_misc_feat_pillars,
          minmay_hedge_maze
Sewer:    sewer_kobolds

Skill      XL: |  1  2  3  4 |
---------------+-------------+-----
Conjurations   | 1 2 |  2.5
Earth Magic    | 4 |  4.7
Spellcasting   | 3 |  3.0
Dodging        | |  1.5
Stealth        | |  2.1
Transmutations | |  0.7

Action                   |  1- 3 |  4- 6 || total
-------------------------+-------+-------++-------
Melee: Staff             |     2 |       ||     2
       Executioner's axe |       |    18 ||    18
 Cast: Sandblast         |    43 |    16 ||    59
  Use: Scroll            |       |     3 ||     3
Armor: Robe              |     4 |     7 ||    11
Dodge: Dodged            |     6 |    21 ||    27

Table legend: (Time is in decaauts)
 A = Elapsed time spent in this place.
 B = Non-inter-level travel time spent in this place.
 C = Inter-level travel time spent in this place.
 D = Time resting spent in this place.
 E = Time spent auto-exploring this place.
 F = Levels seen in this place.
 G = Mean time per level.
                   A        B        C        D        E       F      G
               +--------+--------+--------+--------+--------+-----+--------+
         Total |   2409 |   2279 |    130 |    492 |   1537 |   4 |  602.2 |
       Dungeon |   2394 |   2264 |    130 |    492 |   1537 |   3 |  798.0 |
         Sewer |     15 |     15 |      0 |      0 |      0 |   1 |   15.0 |
               +--------+--------+--------+--------+--------+-----+--------+

Top non-repeatable levels by time:
     D:2: 1186 daAuts
     D:1: 1147 daAuts
     D:3: 60 daAuts
   Sewer: 15 daAuts
